 Dungeon Crawl Stone Soup version 0.26-a0-487-gbff1e92059 (webtiles) character file.

Game seed: 2717612324196249274

4577 ReteAZ the Grappler (level 10, -2/96 HPs)
             Began as a Troll Fighter on Aug 2, 2020.
             Slain by a tentacled starspawn (19 damage)
             ... on level 1 of the Abyss.
             The game lasted 00:07:46 (7009 turns).

ReteAZ the Grappler (Troll Fighter)                 Turns: 7009, Time: 00:07:46

Health: -2/96      AC:  6    Str: 26    XL:     10   Next: 18%
Magic:  9/9        EV: 10    Int:  7    God:
Gold:   495        SH: 10    Dex:  9    Spells: 9/9 levels left

rFire    + . .     SeeInvis .     - Unarmed
rCold    + . .     Faith    .   b - +0 kite shield
rNeg     . . .     Spirit   .   a - +0 robe
rPois    .         Reflect  .   (helmet restricted)
rElec    .         Harm     .   (no cloak)
rCorr    .                      (gloves unavailable)
MR       .....                  (boots unavailable)
Stlth    +.........             D - amulet of regeneration
HPRegen  1.06/turn              d - ring of protection from cold
MPRegen  0.11/turn              x - ring of protection from fire

@: mighty
A: large, unfitting armour, claws 3, regeneration 1, shaggy fur 1, tough skin 3
a: no special abilities


You were on level 1 of the Abyss.
You visited 2 branches of the dungeon, and saw 9 of its levels.
You visited the Abyss 1 time.

You collected 495 gold pieces.

Inventory:

Missiles
 s - 39 poisoned darts (quivered)
 E - 7 boomerangs
Armour
 a - a +0 robe (worn)
 b - a +0 kite shield (worn)
 K - a +0 tower shield
Jewellery
 d - a ring of protection from cold (left claw)
 x - a ring of protection from fire (right claw)
 D - an amulet of regeneration (around neck)
Scrolls
 e - a scroll of enchant armour {unknown}
 f - 2 scrolls of fog {unknown}
 j - 2 scrolls of enchant weapon {unknown}
 k - 3 scrolls of immolation {unknown}
 n - 4 scrolls of teleportation
 o - 2 scrolls of noise {unknown}
 p - 7 scrolls of remove curse
 q - a scroll of random uselessness {unknown}
 r - 5 scrolls of identify
 u - 2 scrolls of amnesia {unknown}
 y - 3 scrolls of magic mapping {unknown}
 F - a scroll of fear {unknown}
 J - a scroll of blinking {unknown}
Potions
 c - 2 potions of might
 g - 2 potions of brilliance {unknown}
 h - a potion of stabbing {unknown}
 i - a potion of berserk rage {unknown}
 l - 3 potions of mutation {unknown}
 m - 2 potions of flight {unknown}
 t - 5 potions of curing
 v - 4 potions of ambrosia {unknown}
 w - 2 potions of resistance {unknown}
 z - 2 potions of degeneration {unknown}
 A - 4 potions of lignification {unknown}
 B - a potion of heal wounds {unknown}
 C - a potion of invisibility {unknown}
 G - a potion of magic {unknown}
 H - 2 potions of haste {unknown}
 I - 2 potions of cancellation {unknown}


   Skills:
 + Level 5.2 Fighting
 + Level 5.2 Dodging
 + Level 5.2 Shields
 + Level 11.5 Unarmed Combat


You had 9 spell levels left.
You didn't know any spells.
Your spell library was empty.

Dungeon Overview and Level Annotations

Branches:
Dungeon (8/15)             Temple (1/1) D:7
   Lair: D:8-11

Altars:
Ashenzari
Dithmenos
Elyvilon
Fedhas
Gozag
Hepliaklqana
Kikubaaqudgha
Makhleb
Nemelex Xobeh
Okawaru
Ru
Sif Muna
Trog
Uskayaw
Vehumet
Wu Jian
Yredelemnul
The Shining One

Shops:
D:7 =

Annotations:
D:8 exclusion: orange crystal statue, Psyche


Innate Abilities, Weirdness & Mutations

You are too large for most types of armour.
You have claws for hands.
Your natural rate of healing is unusually fast.
You are covered in fur. (AC +1)
You have extremely tough skin. (AC +3)


Message History

The sixfirhy shocks you!
Tentacles burst from the starspawn's body! 2 starspawn tentacles come into view.
You mangle the sixfirhy!!
The sixfirhy is heavily wounded.
The sixfirhy hits you! The sixfirhy shocks you! The sixfirhy barely misses you.
The sixfirhy hits you!
* * * LOW HITPOINT WARNING * * *
The sixfirhy shocks you!
* * * LOW HITPOINT WARNING * * *
You completely miss the sixfirhy.
The sixfirhy is heavily wounded.
The sixfirhy closely misses you.
You claw the sixfirhy!
The sixfirhy is almost dead.
You feel very mighty all of a sudden.
It was a potion of curing.
You feel better.
You block the tentacled starspawn's attack.
The tentacled starspawn engulfs you!!
You die...

.. . ## #.#.. .
...#.#... . # #.
#...X..##.##..##
# .##. §.#..#
.## . .... §#.
.#..#. #§#. #. #
##
##########.#.# #
# #.......X33.#
######@###.# ..
### #.# # ..3 .
##.# .. #.#


You could see a tentacled starspawn, a sixfirhy and a smoke demon.

Vanquished Creatures
  A two-headed ogre (D:8)
  Grinder (D:3)
  A hippogriff (D:7)
  Eustachio (D:6)
  A large abomination (Abyss:1)
  Menkaure (D:6)
  Edmund (D:6)
  A water moccasin (D:7)
  4 black bears
  An orc warrior (D:7)
  A sky beast (D:6)
  2 ogres
  A necrophage (D:7)
  4 centaurs
  A phantom (D:2)
  3 bullfrogs (D:6)
  A gnoll sergeant (D:7)
  7 wights (D:6)
  2 scorpions
  2 howler monkeys (D:7)
  2 bullfrog zombies
  2 centaur zombies
  7 orc priests
  A bullfrog skeleton (D:6)
  A centaur skeleton (D:4)
  3 hounds
  Jessica (D:2)
  5 iguanas
  6 orc wizards
  A worker ant (D:7)
  A howler monkey zombie (D:7)
  Robin (D:3)
  9 gnolls
  6 adders
  A shadow imp (D:6)
  A white imp (D:6)
  2 ufetubi
  2 dart slugs
  4 worms
  3 leopard geckos
  16 orcs
  6 giant cockroaches
  6 hobgoblins
  5 jackals (D:5)
  A quokka (D:6)
  6 bats
  2 frilled lizards
  15 goblins
  8 kobolds
  2 quokka skeletons (D:4)
  A quokka zombie (D:5)
  3 rats
167 creatures vanquished.

Vanquished Creatures (others)
  2 starspawn tentacles (Abyss:1)
2 creatures vanquished.

Grand Total: 169 creatures vanquished

Notes
Turn   | Place    | Note
-------+----------+-------------------------------------------
     0 | D:1      | ReteAZ the Troll Fighter began the quest for the Orb.
     0 | D:1      | Reached XP level 1. HP: 22/22 MP: 0/0
   139 | D:1      | Reached XP level 2. HP: 28/29 MP: 1/1
   181 | D:1      | Reached skill level 3 in Unarmed Combat
   752 | D:2      | Noticed a phantom
   777 | D:2      | Killed a phantom
   777 | D:2      | Reached skill level 4 in Unarmed Combat
   777 | D:2      | Reached XP level 3. HP: 13/36 MP: 2/2
   777 | D:2      | Reached XP level 4. HP: 16/44 MP: 3/3
   861 | D:2      | Noticed Jessica
   864 | D:2      | Killed Jessica
   864 | D:2      | Reached skill level 5 in Unarmed Combat
   987 | D:2      | Reached XP level 5. HP: 50/50 MP: 4/4
  1374 | D:3      | Found a glowing golden altar of the Shining One.
  1424 | D:3      | Noticed Grinder
  1429 | D:3      | Paralysed by Grinder for 7 turns
  1442 | D:3      | Killed Grinder
  1442 | D:3      | Reached skill level 6 in Unarmed Combat
  1442 | D:3      | Reached XP level 6. HP: 44/59 MP: 5/5
  1498 | D:3      | Reached skill level 7 in Unarmed Combat
  1690 | D:3      | Found an iron altar of Okawaru.
  1789 | D:3      | Noticed Robin
  1800 | D:3      | Killed Robin
  1800 | D:3      | Reached XP level 7. HP: 64/66 MP: 6/6
  2159 | D:4      | Found a sparkling altar of Nemelex Xobeh.
  2179 | D:4      | Found an opulent altar of Gozag.
  2278 | D:4      | Reached skill level 8 in Unarmed Combat
  2615 | D:4      | Found a white marble altar of Elyvilon.
  3128 | D:5      | Entered Level 5 of the Dungeon
  3139 | D:5      | Reached skill level 9 in Unarmed Combat
  3473 | D:5      | Found a hazy altar of Hepliaklqana.
  3524 | D:5      | Reached XP level 8. HP: 64/74 MP: 7/7
  3905 | D:6      | Noticed Edmund
  3919 | D:6      | Killed Edmund
  3919 | D:6      | Reached skill level 10 in Unarmed Combat
  4530 | D:6      | Reached XP level 9. HP: 70/83 MP: 8/8
  4614 | D:6      | Noticed Menkaure
  4617 | D:6      | Killed Menkaure
  4823 | D:6      | Noticed Eustachio
  4834 | D:6      | Killed Eustachio
  5109 | D:7      | Found a shattered altar of Ashenzari.
  5153 | D:7      | Reached skill level 11 in Unarmed Combat
  5518 | D:7      | Found a bloodstained altar of Trog.
  6037 | D:7      | Found a staircase to the Ecumenical Temple.
  6058 | Temple   | Entered the Ecumenical Temple
  6231 | D:7      | Found Kaus's Jewellery Emporium.
  6557 | D:8      | Noticed an orange crystal statue
  6909 | D:8      | Found a shimmering blue altar of Sif Muna.
  6923 | D:8      | Noticed a two-headed ogre
  6925 | D:8      | Noticed Psyche
  6948 | D:8      | Killed a two-headed ogre
  6948 | D:8      | Reached skill level 5 in Fighting
  6948 | D:8      | Reached skill level 5 in Dodging
  6948 | D:8      | Reached skill level 5 in Shields
  6948 | D:8      | Reached XP level 10. HP: 96/96 MP: 9/9
  6949 | D:8      | Cast into level 1 of the Abyss (Psyche)
  6953 | Abyss:1  | Noticed a wretched star
  6954 | Abyss:1  | Noticed a thrashing horror
  6955 | Abyss:1  | Found a corrupted altar of Lugonu.
  6955 | Abyss:1  | Noticed a tentacled starspawn
  6956 | Abyss:1  | Noticed a tentacled starspawn
  6995 | Abyss:1  | Noticed a smoke demon
  6997 | Abyss:1  | Noticed a sixfirhy
  7009 | Abyss:1  | Slain by a tentacled starspawn

Illustrated notes

Levels and vault maps discovered:
D:1:      minmay_arrival_nine_rooms, layout_rooms, minmay_tromino_v7
D:2:      layout_basic, uniq_jessica
D:3:      layout_basic, lemuel_doored_altar, okawaru_ov_weapons_minmay,
          uniq_robin, uniq_grinder
D:4:      layout_basic, kennysheep_mini, nemelex_xobeh_ov_fountains_minmay,
          overflow_temple_1_default
D:5:      layout_cave_pods, kennysheep_little_box
D:6:      layout_loops_corners, uniq_eustachio, uniq_edmund, uniq_menkaure
D:7:      layout_cave_pods, trog_ov_bears_minmay, evilmike_ruin_ashenzari,
          minmay_temple_entry_statues_fountains, serial_shops,
          nicolae_shop_temple_entry_statues_fountains, kennysheep_generic_room_7
D:8:      layout_loops_ring, marbit_many_paths, led_sif_pool,
          lemuel_coloured_pillars_altar, disabler_island, uniq_psyche
Temple:   nicolae_temple_figure_zero
Abyss:1:  base: D:9, gammafunk_corrupted_shrine

Skill      XL: |  1  2  3  4  5  6  7  8  9 |
---------------+----------------------------+-----
Unarmed Combat | 4 5 6 7 9 10 11 | 11.5
Fighting       | 3 5 |  5.2
Dodging        | 3 5 |  5.2
Shields        | 3 5 |  5.2

Action                   |  1- 3 |  4- 6 |  7- 9 | 10-12 || total
-------------------------+-------+-------+-------+-------++-------
Melee: Unarmed           |    70 |    89 |   342 |    17 ||   518
Throw: Dart              |       |       |    11 |       ||    11
  Use: Scroll            |       |       |     3 |       ||     3
       Potion            |       |       |       |     2 ||     2
Armor: Robe              |    21 |    25 |    71 |     1 ||   118
Dodge: Dodged            |    14 |    22 |   129 |     4 ||   169
Block: Kite shield       |    29 |    29 |   124 |     7 ||   189

Table legend: (Time is in decaauts)
 A = Elapsed time spent in this place.
 B = Non-inter-level travel time spent in this place.
 C = Inter-level travel time spent in this place.
 D = Time resting spent in this place.
 E = Time spent auto-exploring this place.
 F = Levels seen in this place.
 G = Mean time per level.
                   A        B        C        D        E       F      G
               +--------+--------+--------+--------+--------+-----+--------+
         Total |   6962 |   6703 |    259 |    256 |   5309 |  10 |  696.2 |
       Dungeon |   6760 |   6510 |    250 |    256 |   5174 |   8 |  845.0 |
        Temple |    145 |    136 |      9 |      0 |    135 |   1 |  145.0 |
         Abyss |     56 |     56 |      0 |      0 |      0 |   1 |   56.0 |
               +--------+--------+--------+--------+--------+-----+--------+

Top non-repeatable levels by time:
     D:7: 1424 daAuts
     D:4: 1028 daAuts
     D:6: 991 daAuts
     D:5: 825 daAuts
     D:2: 817 daAuts
     D:3: 765 daAuts
     D:1: 506 daAuts
     D:8: 401 daAuts
  Temple: 145 daAuts
 Abyss:1: 56 daAuts
